 Dungeon Crawl Stone Soup version 0.32-a0-886-g41c5271 (webtiles) character file.

Game seed: 6191915183027338967

88 Dorkslayer the Ducker (level 4, -2/31 HPs)
             Began as an Octopode Fighter on Apr 2, 2024.
             Killed from afar by an orc wizard (7 damage)
             ... with a puff of flame
             ... on level 3 of the Dungeon.
             The game lasted 00:06:44 (1985 turns).

Dorkslayer the Ducker (Octopode Fighter)            Turns: 1985, Time: 00:06:45

Health: -2/31      AC:  1    Str: 17    XL:     4   Next: 54%
Magic:  4/4        EV: 12    Int: 10    God:
Gold:   98         SH:  4    Dex: 11    Spells: 3/3 levels left

rFire   . . .        a - +0 war axe
rCold   . . .        b - +0 buckler
rNeg    . . .        (helmet restricted)
rPois   .            (no amulet)
rElec   .            (no ring)
rCorr   .            (no ring)
SInv    .            (no ring)
Will    .....        (no ring)
Stlth   +++          (no ring)
HPRegen 0.25/turn    (no ring)
MPRegen 0.09/turn    (no ring)
                     (no ring)

%: no passive effects
@: no status effects
A: almost no armour, amphibious, 8 rings, camouflage 1, gelatinous body 1,
(nimble swimmer 1), tentacles
a: no special abilities


You were on level 3 of the Dungeon.
You visited 1 branch of the dungeon, and saw 3 of its levels.

You collected 98 gold pieces.

Inventory:

Hand Weapons
 a - a +0 war axe (weapon)
Missiles
 e - a throwing net (quivered)
 k - 7 boomerangs
Armour
 b - a +0 buckler (worn)
Talismans
 g - a serpent talisman
Scrolls
 f - a scroll of fog {unknown}
 h - a scroll of amnesia {unknown}
 i - a scroll of blinking
 m - a scroll of brand weapon {unknown}
 r - 2 scrolls of noise
Potions
 c - a potion of might
 d - a potion of attraction {unknown}
 j - a potion of brilliance
 l - a potion of mutation
 n - a potion of magic {unknown}
 o - 2 potions of haste
 p - 2 potions of curing
 q - a potion of lignification {unknown}


   Skills:
 + Level 3.3 Fighting
 + Level 2.4 Axes
 + Level 3.6 Dodging
 + Level 1.8 Stealth
 + Level 3.2 Shields
 * Level 1.5 Shapeshifting


You had 3 spell levels left.
You didn't know any spells.
Your spell library was empty.

Dungeon Overview and Level Annotations

Branches:
Dungeon (3/15)

Altars:


Innate Abilities, Weirdness & Mutations

You cannot wear most types of armour.
You are amphibious.
You can wear up to eight rings at the same time.
Your skin changes colour to match your surroundings (Stealth+).
Your rubbery body absorbs attacks. (AC +1, EV +1)
((You are camouflaged when in or above water. (Stealth+)))
You have tentacles for arms and can constrict up to eight enemies at once.


Message History

An endoplasm comes into view.
You slash the orc wizard! Your grab misses the orc wizard.
The orc wizard is severely wounded.
The orc wizard points at you and mumbles some strange words.
The puff of flame hits you!
The orc wizard points at you and mumbles some strange words.
You are confused.
You bump into the rock wall.
The orc wizard gestures at you while chanting.
You resist with some effort.
You miss the orc wizard.
The orc wizard is severely wounded.
The orc wizard closely misses you.
You completely miss the orc wizard.
The orc wizard is severely wounded.
The orc wizard casts a spell at you.
You are more confused.
You bump into the rock wall.
The orc wizard hits you with a +0 dagger.
You bump into the rock wall.
The orc wizard closely misses you.
You bump into the rock wall.
The orc wizard barely misses you.
You barely miss the orc wizard. You squeeze the orc wizard.
The orc wizard is almost dead.
The orc wizard hits you with a +0 dagger.
The orc wizard gestures wildly while chanting.
The orc wizard flickers and vanishes!
You miss something. Your squeeze misses something. Something hits you.
You bump into the rock wall.
Something hits you.
* * * LOW HITPOINT WARNING * * *
You closely miss something. Your squeeze misses something.
You feel less confused. Something hits you.
* * * LOW HITPOINT WARNING * * *
Something hits you.
* * * LOW HITPOINT WARNING * * *
You barely miss something.
You hear some strange, mumbled words.
A puff of flame appears from out of thin air!
The puff of flame hits you!
You die...

.## ..# ..#### .....#
..##.# ..##.#
....|#####.#
...........#########..#.
(...†.........>.@{.oJ...
####.#########.######.##
#...............##..
#..†..............#
###########.###.#.#
#.####### #.#.....#
#.#.....# ..#.†...#


You could see an orc and an endoplasm.

Vanquished Creatures
  2 adders (D:2)
  2 dart slugs
  3 ribbon worms
  2 orcs (D:3)
  4 endoplasms
  3 giant cockroaches
  6 goblins
  5 hobgoblins
  6 jackals
  A quokka (D:3)
  8 ball pythons
  3 bats
  2 frilled lizards (D:2)
  3 kobolds
  5 rats
55 creatures vanquished.

Notes
Turn   | Place    | Note
-------+----------+-------------------------------------------
     0 | D:1      | Dorkslayer the Octopode Fighter began the quest for the
                  | Orb.
     0 | D:1      | Reached XP level 1. HP: 16/16 MP: 1/1
   158 | D:1      | Reached XP level 2. HP: 20/21 MP: 2/2
   345 | D:1      | Found Baifar's Armour Shop.
   667 | D:1      | Reached XP level 3. HP: 26/26 MP: 3/3
  1026 | D:2      | Reached skill level 1 in Shapeshifting
  1060 | D:2      | Reached skill level 1 in Stealth
  1135 | D:2      | Reached XP level 4. HP: 16/31 MP: 4/4
  1435 | D:2      | Found a faded altar of an unknown god.
  1985 | D:3      | Killed from afar by an orc wizard

Illustrated notes

Levels and vault maps discovered:
D:1:      ncdulo_watergridlock, layout_basic, serial_shops,
          nicolae_shop_tiny_glass
D:2:      layout_loops_ring, basic_ecumenical_altar, nicolae_eternal_life,
          minivault_27, columned_hall_lemuel, minmay_octomino_e4
D:3:      layout_loops_ring, kennysheep_minor_cross, kennysheep_generic_room_15

Skill      XL: |  1  2  3 |
---------------+----------+-----
Shapeshifting  | 1 |  1.5
Stealth        | 1 |  1.8
Fighting       | |  3.3
Axes           | |  2.4
Dodging        | |  3.6
Shields        | |  3.2

Action                     |  1- 3 |  4- 6 || total
---------------------------+-------+-------++-------
  Melee: War axe           |    56 |    37 ||    93
         Constrict         |    15 |    12 ||    27
         Tentacles         |     7 |    12 ||    19
    Use: Scroll            |       |     6 ||     6
   Stab: Sleeping          |     4 |     6 ||    10
 Armour: Skin              |    26 |    17 ||    43
  Dodge: Dodged            |    51 |    23 ||    74
  Block: Buckler           |     9 |     4 ||    13

Table legend: (Time is in decaauts)
 A = Elapsed time spent in this place.
 B = Non-inter-level travel time spent in this place.
 C = Inter-level travel time spent in this place.
 D = Time resting spent in this place.
 E = Time spent auto-exploring this place.
 F = Levels seen in this place.
 G = Mean time per level.
                   A        B        C        D        E       F      G
               +--------+--------+--------+--------+--------+-----+--------+
         Total |   2024 |   2024 |      0 |      0 |   1258 |   3 |  674.7 |
       Dungeon |   2024 |   2024 |      0 |      0 |   1258 |   3 |  674.7 |
               +--------+--------+--------+--------+--------+-----+--------+

Top non-repeatable levels by time:
     D:2: 912 daAuts
     D:1: 815 daAuts
     D:3: 295 daAuts
